cohdb
Replays
Latest Replays
All Replays
Popular Replays
Top Player Replays
Match Explorer
How It Works
Community
CoH3 Stats
Reddit
Sign in to upload your games and track your stats! →
Sign in with Steam
Match 47314466
Unlisted
Match 47314466
Overview
Messages
Build Orders
End
Engineer Squad
Selects Armored Battlegroup
Selects Assault Engineers
Construct Barracks
Assault Engineer Squad
1⁄4-ton 4x4 Truck
Construct Weapon Support Center
M1919 Machine Gun Team
Bazooka Squad
Selects Strength in Steel
Air Support Center
Schafwollsocke
Wollie
ReverseAverage
Visionario
poe2 is
Cuttysark
0
0
Comments
sign in to comment!
No comments posted yet!